 Dungeon Crawl Stone Soup version 0.30-a0-879-ga8ba668304 (webtiles) character file.

Game seed: 704981764553612986

102 CowFu the Shooter (level 5, -1/32 HPs)
             Began as a Kobold Hunter on Mar 13, 2023.
             Slain by an orc priest
             ... wielding a +0 hand axe
              (6 damage)
             ... on level 3 of the Dungeon.
             The game lasted 00:03:08 (2696 turns).

CowFu the Shooter (Kobold Hunter)                   Turns: 2696, Time: 00:03:08

Health: -1/32      AC:  3    Str:  9    XL:     5   Next: 6%
Magic:  5/5        EV: 15    Int: 10    God:
Gold:   78         SH:  0    Dex: 20    Spells: 4/4 levels left

rFire   . . .      SeeInvis .    a - +0 shortbow
rCold   . . .      Faith    .    (shield currently unavailable)
rNeg    . . .      Spirit   .    c - +0 leather armour
rPois   .          Reflect  .    (no helmet)
rElec   .          Rampage  .    (no cloak)
rCorr   .                        (no gloves)
Will    .....                    (no boots)
Stlth   +++                      (no amulet)
HPRegen 0.25/turn                (no ring)
MPRegen 0.09/turn                (no ring)

@: no status effects
A: small, no large weapons, nightstalker 3
a: no special abilities


You were on level 3 of the Dungeon.
You visited 1 branch of the dungeon, and saw 3 of its levels.

You collected 144 gold pieces.
You spent 66 gold pieces at shops.

Inventory:

Hand Weapons
 a - a +0 shortbow (weapon)
 b - a +2 short sword of electrocution
Armour
 c - a +0 leather armour (worn)
Jewellery
 d - a ring of ice
 h - an amulet of faith
 s - a +6 ring of strength
Scrolls
 e - 3 scrolls of immolation
 f - a scroll of vulnerability
 m - a scroll of identify
 q - a scroll of poison {unknown}
 t - a scroll of teleportation
Potions
 g - 2 potions of resistance
 i - a potion of brilliance {unknown}
 j - a potion of curing {unknown}
 k - 3 potions of might {unknown}
 l - a potion of haste {unknown}
 n - a potion of ambrosia {unknown}
 o - a potion of flight {unknown}
 p - a potion of attraction {unknown}
 r - a potion of berserk rage {unknown}


   Skills:
 + Level 3.3 Fighting
 + Level 6.0 Ranged Weapons
 + Level 3.5 Dodging
 + Level 3.2 Stealth


You had 4 spell levels left.
You didn't know any spells.
Your spell library contained the following spells:

 Spells                   Type           Power      Damage    Failure   Level
 Ensorcelled Hibernation  Hex/Ice        0%         N/A       63%         2
 Passwall                 Tmut/Erth      0%         N/A       63%         2
 Swiftness                Air            0%         N/A       85%         3


Dungeon Overview and Level Annotations

Branches:
Dungeon (3/15)

Altars:
Vehumet

Shops:
D:3 *


Innate Abilities, Weirdness & Mutations

You are small and have problems with some larger weapons.
You are completely attuned to the shadows.


Message History

Press: ? - help, Q - select action Shift-Dir - straight line, f/p - orc priest
Aim: an orc priest, wielding a +0 hand axe and wearing a +0 ring mail (heavily wounded, 69% to hit)
You shoot an arrow.
The arrow closely misses the orc priest.
The orc priest hits you with a +0 hand axe.
Fire: a) +0 shortbow
Press: ? - help, Q - select action Shift-Dir - straight line, f/p - orc priest
Aim: an orc priest, wielding a +0 hand axe and wearing a +0 ring mail (heavily wounded, 69% to hit)
You shoot an arrow.
The arrow closely misses the orc priest.
The orc priest closely misses you.
Fire: a) +0 shortbow
Press: ? - help, Q - select action Shift-Dir - straight line, f/p - orc priest
Aim: an orc priest, wielding a +0 hand axe and wearing a +0 ring mail (heavily wounded, 69% to hit)
You shoot an arrow. The arrow barely misses the orc priest.
The orc priest hits you with a +0 hand axe.
* * * LOW HITPOINT WARNING * * *
The orc priest invokes the aid of Beogh against you.
Pain shoots through your body!
* * * LOW HITPOINT WARNING * * *
Fire: a) +0 shortbow
Press: ? - help, Q - select action Shift-Dir - straight line, f/p - orc priest
Aim: an orc priest, wielding a +0 hand axe and wearing a +0 ring mail (heavily wounded, 69% to hit)
You shoot an arrow. The arrow barely misses the orc priest.
The orc priest closely misses you.
Fire: a) +0 shortbow
Press: ? - help, Q - select action Shift-Dir - straight line, f/p - orc priest
Aim: an orc priest, wielding a +0 hand axe and wearing a +0 ring mail (heavily wounded, 69% to hit)
You shoot an arrow.
The arrow hits the orc priest but does no damage.
The orc priest is heavily wounded.
The orc priest closely misses you.
Fire: a) +0 shortbow
Press: ? - help, Q - select action Shift-Dir - straight line, f/p - orc priest
Aim: an orc priest, wielding a +0 hand axe and wearing a +0 ring mail (heavily wounded, 69% to hit)
You shoot an arrow.
The arrow hits the orc priest but does no damage.
The orc priest is heavily wounded.
The orc priest hits you with a +0 hand axe.
You die...

#...#
###########....
###.# ........
#.# ########
#.# #.# #.# #.#
#.#########.
#......@o)..
###########.


You could see an orc priest.

Vanquished Creatures
  3 adders (D:3)
  A white imp (D:3)
  A worm (D:2)
  2 dart slugs
  2 orcs (D:3)
  7 ball pythons
  8 bats
  7 endoplasms
  4 giant cockroaches
  8 goblins
  2 hobgoblins
  3 jackals (D:3)
  A quokka (D:1)
  A frilled lizard (D:2)
  6 kobolds
  3 rats
59 creatures vanquished.

Vanquished Creatures (others)
  2 plants (D:1)
2 creatures vanquished.

Grand Total: 61 creatures vanquished

Notes
Turn   | Place    | Note
-------+----------+-------------------------------------------
     0 | D:1      | CowFu the Kobold Hunter began the quest for the Orb.
     0 | D:1      | Reached XP level 1. HP: 12/12 MP: 1/1
    92 | D:1      | Reached XP level 2. HP: 18/18 MP: 2/2
   493 | D:1      | Reached XP level 3. HP: 16/22 MP: 3/3
  1813 | D:3      | Reached XP level 4. HP: 27/27 MP: 4/4
  2093 | D:3      | Found Familex's Assorted Antiques.
  2098 | D:3      | Bought a scroll labelled VUGRIOKUMO for 24 gold pieces
  2098 | D:3      | Bought a fuming white potion for 21 gold pieces
  2098 | D:3      | Bought an amethyst potion for 21 gold pieces
  2123 | D:3      | Found a radiant altar of Vehumet.
  2228 | D:3      | Reached skill level 6 in Ranged Weapons
  2454 | D:3      | Reached XP level 5. HP: 29/32 MP: 5/5
  2696 | D:3      | Slain by an orc priest

Illustrated notes

Levels and vault maps discovered:
D:1:      dpeg_arrival_windows_large_door, layout_loops_ring, serial_bayou,
          serial_bayou_pond_e, serial_bayou_shore_b, serial_bayou_pond_d,
          serial_bayou_shore_b
D:2:      layout_basic
D:3:      minmay_wonky_spiral, layout_basic, fiery_altar_vehumet, serial_shops,
          shop

Skill      XL: |  1  2  3  4 |
---------------+-------------+-----
Stealth        | 2 3 |  3.2
Dodging        | 3 |  3.5
Fighting       | 3 |  3.3
Ranged Weapons | 6 |  6.0

Action                     |  1- 3 |  4- 6 || total
---------------------------+-------+-------++-------
   Fire: Shortbow          |    84 |    68 ||   152
    Use: Scroll            |       |     3 ||     3
 Armour: Leather armour    |    13 |     6 ||    19
  Dodge: Dodged            |    30 |    63 ||    93

Table legend: (Time is in decaauts)
 A = Elapsed time spent in this place.
 B = Non-inter-level travel time spent in this place.
 C = Inter-level travel time spent in this place.
 D = Time resting spent in this place.
 E = Time spent auto-exploring this place.
 F = Levels seen in this place.
 G = Mean time per level.
                   A        B        C        D        E       F      G
               +--------+--------+--------+--------+--------+-----+--------+
         Total |   2742 |   2618 |    124 |      0 |   2259 |   3 |  914.0 |
       Dungeon |   2742 |   2618 |    124 |      0 |   2259 |   3 |  914.0 |
               +--------+--------+--------+--------+--------+-----+--------+

Top non-repeatable levels by time:
     D:2: 969 daAuts
     D:3: 904 daAuts
     D:1: 869 daAuts
